 Dungeon Crawl Stone Soup version 0.28-a0-595-g9f6c0e134a (webtiles) character file.

Game seed: 11605215210534928327

984 HilariousDeathArtist the Martial Artist (level 8, 0/66 (69) HPs)
             Began as a Tengu Chaos Knight on Oct 4, 2021.
             Was a Plaything of Xom.
             Slain by a wight (1 damage)
             ... on level 7 of the Dungeon.
             The game lasted 00:06:17 (5436 turns).

HilariousDeathArtist the Martial Artist (TeCK)      Turns: 5436, Time: 00:06:17

HP:   0/66 (69)     AC: 24    Str: 12    XL:     8   Next: 17%
MP:   9/9           EV:  2    Int: 14    God:    Xom [.....*]
Gold: 156           SH:  4    Dex: 15    Spells: 7/7 levels left

rFire   . . .      SeeInvis .     - Unarmed
rCold   + . .      Faith    .   e - +0 buckler
rNeg    . . .      Spirit   .   (armour currently unavailable)
rPois   +          Reflect  .   (helmet currently unavailable)
rElec   .          Harm     .   (cloak currently unavailable)
rCorr   .          Rampage  .   (gloves currently unavailable)
Will    .....      NoTele   +   (boots unavailable)
Stlth   +.........              k - amulet of the acrobat
HPRegen 0.21/turn               C - ring of protection from cold {rC+, !d}
MPRegen 0.11/turn               (no ring)

@: tree-form, weak-willed, studying Unarmed Combat, lightly drained
A: stationary, stasis, torment immunity, boosted hp, (beak), (talons 3), nimble
flight
a: Renounce Religion


You were on level 7 of the Dungeon.
You worshipped Xom.
You were Xom's teddy bear.
You were a tree.
You visited 1 branch of the dungeon, and saw 7 of its levels.

You collected 156 gold pieces.

Inventory:

Hand Weapons
 a - a +0 falchion of chaos
Missiles
 c - 104 arrows
 d - 16 bolts
 o - 19 sling bullets
 s - 86 stones
 t - a boomerang
Armour
 b - a +2 leather armour (melded)
 e - a +0 buckler (worn)
   (You found it on level 3 of the Dungeon)
 r - a +0 kite shield
   (You found it on level 5 of the Dungeon)
Jewellery
 k - an amulet of the acrobat (around neck)
   (You found it on level 8 of the Dungeon)
 C - a ring of protection from cold (left branch) {rC+, !d}
   (You found it on level 1 of the Dungeon)
Wands
 j - a wand of polymorph (5)
   (You found it on level 4 of the Dungeon)
Scrolls
 m - a scroll of noise {!r}
 X - a scroll of magic mapping {@r4!r}
 Y - 2 scrolls of teleportation {@r3}
Potions
 f - a potion of berserk rage {unknown}
 l - a potion of magic {unknown}
 p - a potion of flight {unknown}
 I - 2 potions of invisibility
 J - 2 potions of curing {@q1}
 P - a potion of lignification {!q}


   Skills:
 - Level 3.0 Fighting
 - Level 5.7 Long Blades
 - Level 2.1 Armour
 - Level 1.4 Dodging
 - Level 0.6 Shields
 + Level 12.1 Unarmed Combat
 - Level 0.5 Evocations


You had 7 spell levels left.
You didn't know any spells.
Your spell library contained the following spells:

 Spells                   Type           Power      Damage    Failure   Level
 Corpse Rot               Necr/Air       N/A        N/A       54%         2
 Ensorcelled Hibernation  Hex/Ice        0%         N/A       54%         2
 Poisonous Vapours        Pois/Air       0%         N/A       54%         2
 Tukima's Dance           Hex            0%         N/A       78%         3


Dungeon Overview and Level Annotations

Branches:
Dungeon (8/15)             Temple (0/1) D:5
   Lair: D:8-11

Altars:
Kikubaaqudgha
Vehumet
Xom
Zin

Shops:
D:8 [

Annotations:
D:8 exclusion: 3 electric eels


Innate Abilities, Weirdness & Mutations

You are a tree.
Your roots penetrate the ground, keeping you stationary.
You cannot be teleported.
You are immune to unholy pain and torment.
Your maximum health is greatly increased.
Your equipment is partially melded.
((You have a beak for a mouth.))
((You have claws for feet.))
Your magical nature lets you fly swiftly and evasively.


Message History

The bolt of electricity misses you.
The electric eel shoots out a bolt of lightning at you!
The bolt of electricity misses you.
You start resting.
Health restored: 46
There is an open door here.
You reach down and open the door.
There is an open door here.
There is an open door here.
There is an open door here.
The orc shouts!
An electric eel is nearby!
An electric eel is nearby!
Here: an electric eel (wandering, hasn't noticed you) Some shallow water.
Found a stone staircase leading up.
c - 104 arrows (gained 18)
I - 2 potions of invisibility
Found a stone staircase leading up.
There is a stone staircase leading up here.
Found Jaoxy's Antique Armour Shoppe.
There is an entrance to Jaoxy's Antique Armour Shoppe here.
(D) Dungeon (T) Temple
Where to? (Enter - D:5 @ (x,y), ? - help)
There is a stone staircase leading up here.
You fly upwards.
There is a stone staircase leading down here.
Unknown command.
You now have 156 gold pieces (gained 7).
You reach down and open the door.
A wight comes into view. It is wielding a +3 hand axe.
The wight moves out of view.
There is an open door here. "The weather's been a little too boring around here."
Unknown command.
Unknown command.
There is an open door here.
The wight hits you with a +3 hand axe.
You take 5 damage, and have 41/46 hp.
You hit the wight. You claw the wight. You peck the wight.
The wight hits you with a +3 hand axe!
You feel drained.
You take 11 damage, and have 30/44 hp.
MASSIVE DAMAGE!!
You closely miss the wight. Your kick misses the wight.
The wight barely misses you.
You hit the wight but do no damage. The wight hits you with a +3 hand axe!
You take 9 damage, and have 21/44 hp.
MASSIVE DAMAGE!!
You punch the wight!
You destroy the wight!
A wight comes into view.
It is wielding a +4 trident of freezing.
Your life force feels restored.
Your Unarmed Combat skill increases to level 12! 3 wights come into view.
The wight completely misses you.
Things that are here:
a +3 hand axe; a +0 robe
There is an open door here.
It was a potion of lignification.
You turn into a tree.
Your +2 leather armour melds into your body.
Your roots penetrate the ground.
Xom roars with laughter!
P - a potion of lignification The wight hits you from afar with a +4 trident of freezing!
The wight freezes you.
You now have 23/69 hp.
Unknown command.
Okay, then.
Okay, then.
As you read the scroll labelled QEADIPHESYACW, it crumbles to dust.
You feel a strange sense of stasis.
It was a scroll of teleportation.
Y - 2 scrolls of teleportation You block the wight's attack.
As you read the scroll labelled QOPNIT JYLUSCH, it crumbles to dust.
It is a scroll of amnesia.
You feel forgetful for a moment.
The wight hits you from afar with a +4 trident of freezing!
* * * LOW HITPOINT WARNING * * *
You feel drained.
* * * LOW HITPOINT WARNING * * *
The wight freezes you.
* * * LOW HITPOINT WARNING * * *
You take 13 damage, and have 10/67 hp.
As you read the scroll labelled PAEJAQ GAEGU, it crumbles to dust.
Magic quickly surges around you.
It was a scroll of vulnerability.
The wight hits you from afar with a +4 trident of freezing.
* * * LOW HITPOINT WARNING * * *
The wight freezes you.
* * * LOW HITPOINT WARNING * * *
You take 4 damage, and have 6/67 hp.
As you read the scroll labelled ZEDAABB QEURYN, it crumbles to dust.
You assume a fearsome visage.
The wight is unaffected.
It was a scroll of fear.
The wight hits you from afar with a +4 trident of freezing.
* * * LOW HITPOINT WARNING * * *
You feel drained.
You die...

##+##
##...##
##.>...##
##.......##
#.........#
+.........+
#.........#
##.......##
##..♣§§##
##§§§##
##z## #§#
#§#
#§§.zz...
.§§§z.##.
.....#.#
.#...## #


You could see a wight (weak-willed).

Vanquished Creatures
  A hornet (D:8)
  An ogre (D:4)
  2 phantoms
  A water moccasin skeleton (D:4)
  4 wights
  2 hounds
  A bullfrog skeleton (D:5)
  An orc wizard (D:5)
  Natasha (twice) (D:4)
  Robin (D:2)
  A howler monkey skeleton (D:3)
  4 adders
  2 worms
  3 dart slugs
  5 orcs
  4 bats
  9 endoplasms
  3 giant cockroaches
  13 goblins
  9 hobgoblins
  5 quokkas
  4 ball pythons
  2 frilled lizards
  5 kobolds
  4 rats
89 creatures vanquished.

Vanquished Creatures (collateral kills)
  An adder (D:3)
1 creature vanquished.

Vanquished Creatures (others)
  5 dream sheep (D:4)
  3 plants (D:8)
8 creatures vanquished.

Grand Total: 98 creatures vanquished

Notes
Turn   | Place    | Note
-------+----------+-------------------------------------------
     0 | D:1      | HilariousDeathArtist the Tengu Chaos Knight began the quest
                  | for the Orb.
     0 | D:1      | Reached XP level 1. HP: 14/14 MP: 2/2
   136 | D:1      | Reached XP level 2. HP: 14/19 MP: 3/3
   326 | D:1      | Reached skill level 4 in Long Blades
   339 | D:1      | XOM: 4-stop teleportation journey
   642 | D:2      | Noticed Robin
   646 | D:2      | XOM: butterfly on damage
   672 | D:2      | Reached XP level 3. HP: 21/23 MP: 4/4
   679 | D:2      | Killed Robin
   824 | D:2      | Reached skill level 5 in Long Blades
   865 | D:2      | Reached XP level 4. HP: 26/28 MP: 5/5
   891 | D:2      | XOM: 5-stop teleportation journey
   895 | D:2      | XOM: god gift: scroll labelled DAEFAF OZEGIL {god gift}
   936 | D:2      | XOM: silly message
  1018 | D:2      | XOM: 1-stop teleportation journey
  1065 | D:2      | XOM: god gift: wand of mindburst (6)
  1147 | D:2      | Found a faded altar of an unknown god.
  1184 | D:2      | XOM: 2-stop teleportation journey
  2136 | D:3      | Gained mutation: Your magical nature lets you fly swiftly
                  | and evasively. [Tengu growth]
  2136 | D:3      | Reached XP level 5. HP: 32/32 MP: 6/6
  2219 | D:3      | Reached skill level 1 in Unarmed Combat
  2354 | D:3      | Reached skill level 2 in Unarmed Combat
  2731 | D:4      | Reached skill level 4 in Unarmed Combat
  2794 | D:4      | XOM: 2-stop teleportation journey
  2896 | D:4      | Noticed a dream sheep
  2896 | D:4      | Noticed a dream sheep
  2896 | D:4      | Noticed a dream sheep
  2896 | D:4      | Noticed a dream sheep
  2896 | D:4      | Noticed a dream sheep
  2896 | D:4      | Found a shimmering altar of Xom.
  2901 | D:4      | Killed a dream sheep
  2901 | D:4      | Killed a dream sheep
  2901 | D:4      | Killed a dream sheep
  2901 | D:4      | Killed a dream sheep
  2901 | D:4      | Killed a dream sheep
  2910 | D:4      | Noticed Natasha
  2913 | D:4      | XOM: enchant monster (bad)
  2927 | D:4      | Killed Natasha
  3125 | D:4      | Noticed a phantom
  3132 | D:4      | Killed a phantom
  3133 | D:4      | Reached skill level 6 in Unarmed Combat
  3133 | D:4      | Reached XP level 6. HP: 13/37 MP: 7/7
  3249 | D:4      | XOM: 2-stop teleportation journey
  3341 | D:4      | XOM: god gift: fuming green potion {god gift}
  3529 | D:4      | Reached skill level 7 in Unarmed Combat
  3739 | D:4      | Found a glowing silver altar of Zin.
  3748 | D:4      | Found a radiant altar of Vehumet.
  3822 | D:5      | Entered Level 5 of the Dungeon
  3883 | D:5      | Found a staircase to the Ecumenical Temple.
  3904 | D:5      | XOM: potion effect (brilliance)
  3907 | D:5      | XOM: divination: detect creatures
  3912 | D:5      | Reached skill level 8 in Unarmed Combat
  3912 | D:5      | Reached XP level 7. HP: 34/41 MP: 8/8
  3992 | D:5      | XOM: smoke on damage
  3999 | D:5      | XOM: confuse monster(s)
  4001 | D:5      | XOM: divination: magic mapping
  4003 | D:5      | XOM: summons friendly iron imp
  4044 | D:4      | Noticed Natasha
  4048 | D:4      | Killed Natasha
  4161 | D:5      | XOM: 2-stop teleportation journey
  4297 | D:5      | Reached skill level 9 in Unarmed Combat
  4549 | D:5      | You are sucked into a shaft and drop 3 floors!
  4568 | D:8      | Noticed a hornet
  4575 | D:8      | Killed a hornet
  4576 | D:8      | Reached skill level 11 in Unarmed Combat
  4638 | D:8      | HP: 7/38 [wight (4)]
  4665 | D:8      | Reached XP level 8. HP: 11/45 MP: 9/9
  4832 | D:8      | XOM: silly message
  4860 | D:8      | XOM: cloud trail
  5065 | D:8      | Found an ancient bone altar of Kikubaaqudgha.
  5351 | D:8      | Found Jaoxy's Antique Armour Shoppe.
  5419 | D:7      | XOM: fog
  5427 | D:7      | Reached skill level 12 in Unarmed Combat
  5434 | D:7      | HP: 13/69 [wight (10)]
  5435 | D:7      | HP: 6/67 [wight (1)]
  5436 | D:7      | HP: 1/67 [wight (5)]
  5436 | D:7      | Slain by a wight

Illustrated notes

Levels and vault maps discovered:
D:1:      dpeg_arrival_pits, layout_rooms, minmay_door_square
D:2:      layout_loops_ring, chequers_ecumenical_altar_simple,
          grunt_decor_junction, corexii_corridor_pit, kennysheep_generic_room_6,
          uniq_robin
D:3:      layout_loops_cross, minmay_checkerbox
D:4:      layout_loops_ring, amethyst_overflow_temple_binary,
          kb_xom_exploding_sheep, uniq_natasha
D:5:      layout_basic, minmay_temple_entry_glass
D:7:      layout_loops_corners, nicolae_sif_muna_little_library, uniq_menkaure,
          uniq_maggie, uniq_duvessa
D:8:      layout_loops_ring, mainiacjoe_overflow_six_doors_small, serial_shops,
          shop, st_stairs_8, kennysheep_pointless_box, hangedman_decor_push,
          hangedman_decor_slide_cut, chequers_big_river

Skill      XL: |  1  2  3  4  5  6  7  8 |
---------------+-------------------------+-----
Long Blades    | 4 5 |  5.7
Unarmed Combat | 6 8 11 12 | 12.1
Fighting       | |  3.0
Armour         | |  2.1
Dodging        | |  1.4
Shields        | |  0.6
Evocations     | |  0.5

Action                   |  1- 3 |  4- 6 |  7- 9 || total
-------------------------+-------+-------+-------++-------
Melee: Falchion          |    57 |   119 |       ||   176
       Kick              |    12 |    29 |    13 ||    54
       Peck              |     8 |    17 |    12 ||    37
       Unarmed           |       |    24 |    50 ||    74
Throw: Stone             |     1 |       |       ||     1
Evoke: Wand              |       |       |     6 ||     6
  Use: Potion            |     2 |       |     1 ||     3
       Scroll            |     1 |     2 |     5 ||     8
 Stab: Sleeping          |       |     4 |       ||     4
       Distracted        |       |     1 |       ||     1
Armor: Leather armour    |    25 |    47 |     7 ||    79
Dodge: Dodged            |    34 |    75 |    21 ||   130
Block: Buckler           |       |    11 |     6 ||    17

Table legend: (Time is in decaauts)
 A = Elapsed time spent in this place.
 B = Non-inter-level travel time spent in this place.
 C = Inter-level travel time spent in this place.
 D = Time resting spent in this place.
 E = Time spent auto-exploring this place.
 F = Levels seen in this place.
 G = Mean time per level.
                   A        B        C        D        E       F      G
               +--------+--------+--------+--------+--------+-----+--------+
         Total |   5231 |   4986 |    245 |   1175 |   3103 |   7 |  747.3 |
       Dungeon |   5231 |   4986 |    245 |   1175 |   3103 |   7 |  747.3 |
               +--------+--------+--------+--------+--------+-----+--------+

Top non-repeatable levels by time:
     D:4: 1430 daAuts
     D:2: 992 daAuts
     D:3: 814 daAuts
     D:8: 812 daAuts
     D:1: 618 daAuts
     D:5: 536 daAuts
     D:7: 25 daAuts

Table legend:
 A = Kills in this place as a percentage of kills in entire the game.
 B = Kills by you in this place as a percentage of kills by you in the entire game.
 C = Kills by friends in this place as a percentage of kills by friends in the entire game.
 D = Other kills in this place as a percentage of other kills in the entire game.
 E = Experience gained in this place as a percentage of experience gained in the entire game.
 F = Experience gained in this place divided by the number of levels of this place that you have seen.
                   A       B       C       D       E      F
               +-------+-------+-------+-------+-------+----------------------
         Total | 100.0 | 100.0 | 100.0 |   N/A | 100.0 | 200.9
       Dungeon | 100.0 | 100.0 | 100.0 |   N/A | 100.0 | 200.9
               +-------+-------+-------+-------+-------+----------------------
